 Dungeon Crawl Stone Soup version 0.31-a0-675-g238779eb0a (webtiles) character file.

Game seed: 13807004980629632471

105 Newt the Trooper (level 4, -2/31 HPs)
             Began as a Gargoyle Fighter on Sept 5, 2023.
             Was an Initiate of Okawaru.
             Slain by a wight
             ... wielding a +0 great sword
              (11 damage)
             ... on level 3 of the Dungeon.
             The game lasted 00:02:22 (2104 turns).

Newt the Trooper (Gargoyle Fighter)                 Turns: 2104, Time: 00:02:23

Health: -2/31      AC: 12    Str: 21    XL:     4   Next: 83%
Magic:  4/4        EV:  9    Int:  9    God:    Okawaru [......]
Gold:   199        SH:  4    Dex:  9    Spells: 3/3 levels left

rFire   . . .        a - +0 flail
rCold   . . .        c - +0 buckler
rNeg    + . .        b - +0 scale mail
rPois   ∞            (no helmet)
rElec   +            l - +0 cloak
rCorr   .            (no gloves)
SInv    .            m - +0 pair of boots
Will    .....        (no amulet) Stlth
                     (no ring)
HPRegen 0.25/turn    (no ring)
MPRegen 0.09/turn

%: no passive effects
@: no status effects
A: sickness immunity, AC +3, negative energy resistance 1, electricity
resistance, torment resistance 1, petrification resistance
a: Renounce Religion


You were on level 3 of the Dungeon.
You worshipped Okawaru.
Okawaru was noncommittal.
You visited 1 branch of the dungeon, and saw 3 of its levels.

You collected 199 gold pieces.

Inventory:

Hand Weapons
 a - a +0 flail (weapon)
Armour
 b - a +0 scale mail (worn)
 c - a +0 buckler (worn)
 h - a +0 cloak
 l - a +0 cloak (worn)
 m - a +0 pair of boots (worn)
Wands
 n - a wand of flame (12)
Scrolls
 k - a scroll of summoning
Potions
 d - a potion of might
 e - a potion of cancellation
 f - a potion of heal wounds
 g - 2 potions of curing {unknown}
 i - a potion of enlightenment {unknown}
 j - a potion of attraction {unknown}
 o - a potion of mutation {unknown}


   Skills:
 - Level 5.0 Fighting
 + Level 3.4 Maces & Flails
 - Level 3.2 Armour
 - Level 3.2 Shields


You had 3 spell levels left.
You didn't know any spells.
Your spell library was empty.

Dungeon Overview and Level Annotations

Branches:
Dungeon (3/15)

Altars:
Okawaru


Innate Abilities, Weirdness & Mutations

You are immune to sickness and miasma.
Your stone body is resilient. (AC +3)
You are immune to poison.
You resist negative energy. (rN+)
You are resistant to electric shocks. (rElec)
You are resistant to unholy torment.
You are immune to petrification.


Message History

The rat bites you.
You hit the rat.
The rat is heavily wounded.
The rat barely misses you.
You barely miss the rat.
The rat is heavily wounded.
The rat barely misses you.
You closely miss the rat.
The rat is heavily wounded.
The rat bites you.
You hit the rat.
You kill the rat!
Okawaru accepts your kill.
No target in view!
o - a sapphire potion A wight comes into view.
It is wielding a +0 great sword.
A wight is nearby!
You barely miss the wight.
The wight hits you with a +0 great sword.
The wight hits you but does no damage.
You closely miss the wight. The wight misses you.
You hit the wight.
The wight is moderately damaged.
You block the wight's attack.
You hit the wight.
The wight is heavily damaged.
The wight hits you with a +0 great sword!
You hit the wight but do no damage.
The wight is heavily damaged.
The wight barely misses you.
The wight hits you with a +0 great sword!
* * * LOW HITPOINT WARNING * * *
You are too injured to fight recklessly!
You hit the wight but do no damage.
The wight is heavily damaged.
You block the wight's attack.
You hit the wight.
The wight is severely damaged.
The wight hits you with a +0 great sword!
You die...

... ..... ..... ## ...
... ..######.. #......
#...z# ###..@.##
#..|....# #.......#
#.......# ####
#.......# ..#
#....)..# ######.# #.#
#.......#.#......# #..
#.......#.#.#########.
###'#####.#...........


You could see a wight.

Vanquished Creatures
  4 adders
  2 worms (D:2)
  3 dart slugs
  6 bats
  7 endoplasms
  5 giant cockroaches
  4 goblins
  5 hobgoblins (D:1)
  3 quokkas
  5 ball pythons
  2 frilled lizards
  3 kobolds
  6 rats
55 creatures vanquished.

Notes
Turn   | Place    | Note
-------+----------+-------------------------------------------
     0 | D:1      | Newt the Gargoyle Fighter began the quest for the Orb.
     0 | D:1      | Reached XP level 1. HP: 14/14 MP: 1/1
    83 | D:1      | Reached skill level 4 in Fighting
    83 | D:1      | Reached XP level 2. HP: 20/20 MP: 2/2
   580 | D:1      | Reached XP level 3. HP: 24/24 MP: 3/3
  1425 | D:2      | Reached skill level 5 in Fighting
  1589 | D:2      | Reached XP level 4. HP: 26/31 MP: 4/4
  2026 | D:3      | Found an iron altar of Okawaru.
  2045 | D:3      | Became a worshipper of Warmaster Okawaru
  2104 | D:3      | Slain by a wight

Illustrated notes

Levels and vault maps discovered:
D:1:      minmay_arrival_shoal_huts, layout_basic, minmay_unequal
D:2:      minmay_angry_zag, layout_loops_ring
D:3:      layout_basic, okawaru_trees_1

Skill      XL: |  1  2  3  4 |
---------------+-------------+-----
Fighting       | 4 5 |  5.0
Maces & Flails | 3 |  3.4
Armour         | |  3.2
Shields        | |  3.2

Action                     |  1- 3 |  4- 6 || total
---------------------------+-------+-------++-------
  Melee: Flail             |    94 |    82 ||   176
    Use: Scroll            |     2 |     2 ||     4
 Armour: Scale mail        |    67 |    55 ||   122
  Dodge: Dodged            |    46 |    39 ||    85
  Block: Buckler           |    28 |    10 ||    38

Table legend: (Time is in decaauts)
 A = Elapsed time spent in this place.
 B = Non-inter-level travel time spent in this place.
 C = Inter-level travel time spent in this place.
 D = Time resting spent in this place.
 E = Time spent auto-exploring this place.
 F = Levels seen in this place.
 G = Mean time per level.
                   A        B        C        D        E       F      G
               +--------+--------+--------+--------+--------+-----+--------+
         Total |   2161 |   2055 |    106 |    214 |   1422 |   3 |  720.3 |
       Dungeon |   2161 |   2055 |    106 |    214 |   1422 |   3 |  720.3 |
               +--------+--------+--------+--------+--------+-----+--------+

Top non-repeatable levels by time:
     D:2: 995 daAuts
     D:1: 949 daAuts
     D:3: 216 daAuts
